 Dungeon Crawl Stone Soup version 0.24-a0-446-g87df7205b4 (webtiles) character file.

Game seed: 12818755247634487200

38 theanonym the Grave Robber (level 3, -10/24 HPs)
             Began as a Mummy Necromancer on June 23, 2019.
             Killed from afar by Terence (15 damage)
             ... with a puff of flame
             ... on level 2 of the Dungeon.
             The game lasted 00:02:01 (1276 turns).

theanonym the Grave Robber (Mummy Necromancer)      Turns: 1276, Time: 00:02:01

Health: -10/24     AC:  2    Str: 11    XL:     3   Next: 25%
Magic:  3/8        EV: 12    Int: 15    God:
Gold:   68         SH:  0    Dex: 12    Spells: 7/9 levels left

rFire    x . .     SeeInvis .   a - +0 dagger
rCold    + . .     Gourm    .   (no shield)
rNeg     + + +     Faith    .   b - +0 robe
rPois    ∞         Spirit   .   (no helmet)
rElec    .         Reflect  .   (no cloak)
rCorr    .         Harm     .   (no gloves)
MR       .....                  (no boots)
Stlth    ++........             (no amulet)
HPRegen  0.08/turn              (no ring)
MPRegen  0.11/turn              (no ring)

@: very slightly contaminated
A: no food or potions, fire vulnerability, cold resistance 1, negative energy
resistance 3, torment resistance, unbreathing
a: no special abilities


Innate Abilities, Weirdness & Mutations

You do not eat or drink.
Your flesh is vulnerable to fire.
You are immune to poison.
Your flesh is cold resistant. (rC+)
You are immune to negative energy. (rN+++)
You are immune to unholy pain and torment.
You can survive without breathing.


   Skills:
 * Level 1.1 Short Blades
 - Level 1.5 Dodging
 - Level 1.5 Stealth
 + Level 3.5 Spellcasting
 + Level 4.4 Necromancy


You had 7 spell levels left.
You knew the following spells:

 Your Spells              Type           Power        Failure   Level  Hunger
a - Pain                  Necr           ###.         3%          1    N/A
e - Animate Skeleton      Necr           N/A          3%          1    N/A

Your spell library contained the following spells:

 Spells                   Type           Power        Failure   Level  Hunger
 Vampiric Draining        Necr           ###.......   10%         3    N/A
 Animate Dead             Necr           N/A          30%         4    N/A
 Regeneration             Chrm/Necr      Unusable     N/A         3    N/A

Skill      XL: |  1  2 |
---------------+-------+-----
Spellcasting   | 3 |  3.5
Short Blades   | 1 |  1.1
Dodging        | |  1.5
Stealth        | |  1.5
Necromancy     | |  4.4

Action                   || total
-------------------------++-------
Melee: Unarmed           ||     6
       Dagger            ||    16
 Cast: Pain              ||    42
       Animate Skeleton  ||     2
Armor: Robe              ||    14
Dodge: Dodged            ||    34

Inventory:

Hand Weapons
 a - a +0 dagger (weapon)
Armour
 b - a +0 robe (worn)
Jewellery
 c - an uncursed amulet of rage {unknown}
Scrolls
 d - a scroll of random uselessness {unknown}


You were on level 2 of the Dungeon.
You were not hungry.

You visited 1 branch of the dungeon, and saw 2 of its levels.

You collected 68 gold pieces.

Dungeon Overview and Level Annotations

Branches:
Dungeon (2/15)

Altars:
Elyvilon

Annotations:
D:2 Terence

...#.# #.#.#.# ##.## #.#
##.#.# #.#.#.#####...###.#
...%%# #.#.#......%......#
.....###.#.#.[####...#####
.....Z........## ##.##
.....Z#.####.#.## #.#
......#.###.###.###.#
##...##Z##.#####....#
##.###Z#.......@.### #.#
#.#.##.#.##†#
#.###.......###.#
#........##.###.########
#.#####.###............#
#.# #####@######.# #.# #.#
#.# #.# #.. %.#


You could see Terence.

Notes
Turn   | Place    | Note
-------+----------+-------------------------------------------
     0 | D:1      | theanonym the Mummy Necromancer began the quest for the
                  | Orb.
     0 | D:1      | Reached XP level 1. HP: 13/13 MP: 4/4
    92 | D:1      | Reached skill level 3 in Spellcasting
   239 | D:1      | Reached XP level 2. HP: 12/19 MP: 0/6
   293 | D:1      | Learned a level 1 spell: Animate Skeleton
  1095 | D:2      | Found a white marble altar of Elyvilon.
  1171 | D:2      | Reached skill level 1 in Short Blades
  1171 | D:2      | Reached XP level 3. HP: 19/24 MP: 4/8
  1261 | D:2      | Noticed Terence
  1274 | D:2      | HP: 5/24 [Terence/puff of flame (13)]
  1276 | D:2      | Killed from afar by Terence

Vanquished Creatures
  2 adders (D:2)
  A dart slug (D:1)
  A leopard gecko (D:1)
  A giant cockroach (D:2)
  2 hobgoblins
  3 bats (D:1)
  A frilled lizard (D:1)
  4 goblins
  3 kobolds
  A rat (D:1)
19 creatures vanquished.

Table legend:
 A = Turns spent in this place as a percentage of turns spent in the entire game.
 B = Non-inter-level travel turns spent in this place as a percentage of non-inter-level travel turns spent in the entire game.
 C = Inter-level travel turns spent in this place as a percentage of turns spent in this place.
 D = Turns resting spent in this place as a percentage of non-inter-level travel turns spent in this place.
 E = Turns spent auto-exploring this place as a percentage of non-inter-level travel turns spent in this place.
 F = Non-inter-level travel turns spent in this place divided by the number of levels of this place that you've seen.
                   A       B       C       D       E      F
               +-------+-------+-------+-------+-------+----------------------
         Total | 100.0 | 100.0 |   0.9 |  27.4 |  61.9 | 632.5
       Dungeon | 100.0 | 100.0 |   0.9 |  27.4 |  61.9 | 632.5
               +-------+-------+-------+-------+-------+----------------------
